 Dungeon Crawl Stone Soup version 0.29.0-4-gdea44cf6ec (webtiles) character file.

Game seed: 7354425526773522154

557 qw the Chopper (level 7, -3/40 HPs)
             Began as a Tengu Warper on Aug 28, 2022.
             Was a Follower of Okawaru.
             Killed from afar by an acid dragon (14 damage)
             ... with a splash of acid
             ... on level 5 of the Dungeon.
             The game lasted 00:00:26 (4310 turns).

qw the Chopper (Tengu Warper)                       Turns: 4310, Time: 00:00:26

Health: -3/40      AC:  9    Str: 13    XL:     7   Next: 30%
Magic:  10/11      EV:  5    Int: 13    God:    Okawaru [*.....]
Gold:   291        SH: 14    Dex: 14    Spells: 10/10 levels left

rFire   . . .      SeeInvis .   Y - +5 hand axe
rCold   . . .      Faith    .   d - +0 kite shield
rNeg    . . .      Spirit   .   g - +0 chain mail
rPois   .          Reflect  +   (helmet restricted)
rElec   .          Harm     .   (no cloak)
rCorr   .          Rampage  .   (no gloves)
Will    .....                   (boots unavailable)
Stlth   ..........              l - amulet of reflection
HPRegen 0.13/turn               (no ring)
MPRegen 0.12/turn               (no ring)

@: flying quickly and evasively, quick
A: beak, talons 3, nimble flight
a: Renounce Religion, Heroism


You were on level 5 of the Dungeon.
You worshipped Okawaru.
Okawaru was aware of your devotion.
You visited 2 branches of the dungeon, and saw 6 of its levels.

You collected 291 gold pieces.


Innate Abilities, Weirdness & Mutations

You have a beak for a mouth.
You have claws for feet.
Your magical nature lets you fly swiftly and evasively.


   Skills:
 - Level 2.0 Fighting
 + Level 6.1 Axes
 - Level 1.0 Throwing
 - Level 3.0 Armour
 - Level 2.1 Dodging
 - Level 4.4 Shields
 - Level 2.0 Spellcasting
 - Level 2.4 Translocations
 + Level 0.0 Invocations


You had 10 spell levels left.
You didn't know any spells.
Your spell library contained the following spells:

 Spells                   Type           Power      Damage    Failure   Level
 Blink                    Tloc           14%        N/A       100%        2
 Gell's Gravitas          Tloc           7%         N/A       100%        3
 Lesser Beckoning         Tloc           7%         N/A       100%        3
 Teleport Other           Tloc           7%         N/A       100%        3
 Manifold Assault         Tloc           7%         N/A       100%        5

Inventory:

Hand Weapons
 e - a +0 morningstar
 Y - a +5 hand axe (weapon)
Armour
 d - a +0 kite shield (worn)
 g - a +0 chain mail (worn)
Jewellery
 l - an amulet of reflection (around neck)
Scrolls
 a - a scroll of identify
 b - a scroll of teleportation
Potions
 c - a potion of mutation
 f - 3 potions of curing
 h - a potion of heal wounds {unknown}
 i - a potion of lignification {unknown}
 j - a potion of berserk rage {unknown}

Dungeon Overview and Level Annotations

Branches:
Dungeon (5/15)             Temple (1/1) D:4

Altars:
Ashenzari
Cheibriados
Dithmenos
Elyvilon
Fedhas
Gozag
Hepliaklqana
Kikubaaqudgha
Makhleb
Nemelex Xobeh
Okawaru
Qazlal
Ru
Sif Muna
Trog
Uskayaw
Vehumet
Wu Jian
Xom
Yredelemnul
Zin


Message History

You closely miss the necrophage. You block the centaur's attack.
The centaur closely misses you. You block the necrophage's attack.
The centaur hits you but does no damage.
You block the centaur's attack.
You hit the centaur.
The centaur is almost dead.
You hit the necrophage. You block the centaur's attack. The centaur kicks you.
You block the necrophage's attack.
You hit the centaur but do no damage. Your peck misses the centaur.
The centaur is almost dead.
You hit the necrophage.
You hit the acid dragon but do no damage.
The centaur barely misses you. You block the centaur's attack.
You block the acid dragon's attack. The acid dragon closely misses you.
You block the necrophage's attack. The centaur hits you.
The centaur kicks you but does no damage.
You hit the centaur.
You kill the centaur!
Okawaru accepts your kill.
You can now gain great but temporary skills.
You hit the necrophage.
You hit the acid dragon but do no damage.
The acid dragon barely misses you.
The acid dragon claws you but does no damage.
The necrophage hits you but does no damage.
Your base Shields skill increases to level 4!
You hit the necrophage.
The necrophage is heavily damaged.
You closely miss the acid dragon. You block the acid dragon's attack. x2
The necrophage hits you but does no damage.
You hit the necrophage. Your kick misses the necrophage.
The necrophage is severely damaged.
You barely miss the acid dragon.
You feel like a meek peon again. The acid dragon spits acid at you.
The splash of acid hits you!
You die...

##...# ##. #.#
.... ..## >..
... ##..# .
#.. #...# ..
#.###...##..<
..>#........
#.#.)..#...
####..@n.....#
#......D.....#
#............#
#............#
#............#
#....#....#.##
#...)#.#....#
#......####..
......## ..


You could see an acid dragon (catching breath) and a necrophage.

Vanquished Creatures
  An ogre (D:5)
  A centaur (D:5)
  A phantom (D:5)
  A scorpion (D:4)
  A hound (D:3)
  2 jellies
  An orc priest (D:4)
  Jessica (D:2)
  2 adders
  3 worms
  2 dart slugs
  An orc (D:3)
  7 ball pythons
  4 bats
  11 endoplasms
  3 giant cockroaches
  13 goblins
  7 hobgoblins
  10 jackals
  7 frilled lizards
  4 kobolds
  5 rats
88 creatures vanquished.

Notes
Turn   | Place    | Note
-------+----------+-------------------------------------------
     0 | D:1      | qw the Tengu Warper began the quest for the Orb.
     0 | D:1      | Reached XP level 1. HP: 12/12 MP: 4/4
     0 | D:1      | 0 ||| qw: Version: 0.1-a-89-g26bdef1
     0 | D:1      | 0 ||| qw: Game counter: 1729
     0 | D:1      | 0 ||| qw: Always use a shield: true
     0 | D:1      | 0 ||| qw: God list: Okawaru
     0 | D:1      | 0 ||| qw: Allow faded altars: false
     0 | D:1      | 0 ||| qw: Do Orc after D:15 true
     0 | D:1      | 0 ||| qw: Do second Lair branch before Depths: true
     0 | D:1      | 0 ||| qw: Lair rune preference: random
     0 | D:1      | 0 ||| qw: Plans: Normal
     0 | D:1      | 0 ||| PLANNING D:1-11
    94 | D:1      | 94 ||| Stepping ~*~*~tactically~*~*~ (stealth).
   279 | D:1      | Reached skill level 3 in Axes
   279 | D:1      | Reached XP level 2. HP: 17/17 MP: 6/6
   288 | D:1      | 288 ||| Stepping ~*~*~tactically~*~*~ (stealth).
   289 | D:1      | 289 ||| Stepping ~*~*~tactically~*~*~ (stealth).
   295 | D:1      | 295 ||| Stepping ~*~*~tactically~*~*~ (stealth).
   392 | D:1      | 392 ||| DROPPING +0 club.
   440 | D:1      | 440 ||| Stepping ~*~*~tactically~*~*~ (stealth).
   442 | D:1      | 442 ||| Stepping ~*~*~tactically~*~*~ (stealth).
   444 | D:1      | 444 ||| Stepping ~*~*~tactically~*~*~ (stealth).
   447 | D:1      | 447 ||| Stepping ~*~*~tactically~*~*~ (stealth).
   524 | D:1      | 524 ||| Stepping ~*~*~tactically~*~*~ (stealth).
   525 | D:1      | 525 ||| Stepping ~*~*~tactically~*~*~ (stealth).
   727 | D:1      | Reached XP level 3. HP: 19/21 MP: 7/7
   749 | D:1      | 749 ||| Stepping ~*~*~tactically~*~*~ (stealth).
   771 | D:1      | 771 ||| Stepping ~*~*~tactically~*~*~ (stealth).
   997 | D:1      | Reached skill level 4 in Axes
  1139 | D:1      | 1139 ||| UPGRADING to +0 scale mail.
  1149 | D:1      | 1149 ||| DROPPING +0 leather armour.
  1150 | D:1      | 1150 ||| UPGRADING to amulet of reflection.
  1155 | D:1      | 1155 ||| READING 2 scrolls labelled MOS SUNI DOL.
  1156 | D:1      | 1156 ||| READING scroll labelled ZAYREA KABELU.
  1157 | D:1      | 1157 ||| READING scroll labelled IKIPEAX TUDWILL.
  1158 | D:1      | 1158 ||| DRINKING 4 fuming inky potions.
  1159 | D:1      | 1159 ||| DROPPING scroll of blinking.
  1196 | D:2      | 1196 ||| STAIRDANCE
  1206 | D:2      | 1206 ||| STAIRDANCE
  1347 | D:2      | 1347 ||| SWAPPING to +3 hand axe.
  1348 | D:2      | 1348 ||| DROPPING +0 hand axe.
  1376 | D:2      | Noticed Jessica
  1379 | D:2      | Killed Jessica
  1380 | D:2      | Reached XP level 4. HP: 26/26 MP: 8/8
  1387 | D:2      | Reached skill level 5 in Axes
  1612 | D:2      | Identified the +0 leather armour of Omission {Int+4}
  1833 | D:2      | 1833 ||| Stepping ~*~*~tactically~*~*~ (stealth).
  2025 | D:2      | 2025 ||| UPGRADING to +0 kite shield.
  2030 | D:2      | 2030 ||| DROPPING +0 leather armour of Omission {Int+4}.
  2031 | D:2      | 2031 ||| READING scroll labelled QEMURU PUKKANT.
  2032 | D:2      | 2032 ||| READING scroll labelled ISUMNE TUGIEWN.
  2033 | D:2      | 2033 ||| READING scroll labelled JAMPIT YTAETWO.
  2103 | D:3      | 2103 ||| Stepping ~*~*~tactically~*~*~ (stealth).
  2131 | D:3      | 2131 ||| Stepping ~*~*~tactically~*~*~ (hiding).
  2136 | D:3      | 2136 ||| Stepping ~*~*~tactically~*~*~ (stealth).
  2159 | D:3      | Reached skill level 1 in Shields
  2244 | D:3      | Gained mutation: Your magical nature lets you fly swiftly
                  | and evasively. [Tengu growth]
  2244 | D:3      | Reached XP level 5. HP: 30/30 MP: 9/9
  2825 | D:3      | 2825 ||| READING scroll of enchant weapon.
  2825 | D:3      | 2825 ||| ENCHANTING +4 hand axe.
  2918 | D:3      | 2918 ||| UPGRADING to +0 chain mail.
  2928 | D:3      | 2928 ||| DROPPING +0 scale mail.
  2929 | D:3      | 2929 ||| READING 2 scrolls labelled OLLARA KAXAGE.
  2933 | D:3      | 2933 ||| DRINKING 2 grey potions.
  2934 | D:3      | 2934 ||| READING 2 scrolls of identify.
  2934 | D:3      | 2934 ||| IDENTIFYING fizzy yellow potion
  2935 | D:3      | 2935 ||| DROPPING potion of attraction.
  3020 | D:4      | 3020 ||| Stepping ~*~*~tactically~*~*~ (stealth).
  3023 | D:4      | 3023 ||| Stepping ~*~*~tactically~*~*~ (stealth).
  3030 | D:4      | 3030 ||| FLEEEEING.
  3031 | D:4      | 3031 ||| FLEEEEING.
  3032 | D:4      | 3032 ||| FLEEEEING.
  3044 | D:4      | 3044 ||| Stepping ~*~*~tactically~*~*~ (stealth).
  3063 | D:4      | 3063 ||| Stepping ~*~*~tactically~*~*~ (stealth).
  3138 | D:4      | Identified the +3 scale mail "Hokhle Zuvidd" {Stlth+}
  3220 | D:4      | Found a snail-covered altar of Cheibriados.
  3352 | D:4      | Found a staircase to the Ecumenical Temple.
  3353 | D:4      | 3353 ||| PLANNING TEMPLE
  3359 | D:4      | Reached skill level 3 in Shields
  3409 | D:4      | 3409 ||| DROPPING +3 scale mail "Hokhle Zuvidd" {Stlth+}.
  3410 | D:4      | 3410 ||| DROPPING amulet of magic regeneration.
  3415 | Temple   | Entered the Ecumenical Temple
  3427 | Temple   | Became a worshipper of Warmaster Okawaru
  3553 | Temple   | 3553 ||| PLANNING D:1-11
  3589 | D:4      | 3589 ||| DROPPING +0 whip.
  3704 | D:4      | 3704 ||| Stepping ~*~*~tactically~*~*~ (stealth).
  3710 | D:4      | 3710 ||| Stepping ~*~*~tactically~*~*~ (stealth).
  3813 | D:4      | Reached XP level 6. HP: 35/35 MP: 10/10
  3822 | D:4      | Reached skill level 6 in Axes
  3909 | D:4      | Found a stormy altar of Qazlal.
  3945 | D:4      | Found a broken altar of Ashenzari.
  4083 | D:5      | Entered Level 5 of the Dungeon
  4084 | D:5      | 4084 ||| PLANNING SEWER
  4087 | D:5      | 4087 ||| STAIRDANCE
  4148 | D:5      | Reached skill level 3 in Armour
  4253 | D:5      | HP: 8/35 [ogre/+0 giant club (27)]
  4254 | D:5      | 4254 ||| READING 2 scrolls of teleportation.
  4256 | D:5      | Reached * piety under Okawaru
  4257 | D:5      | Reached XP level 7. HP: 9/40 MP: 11/11
  4257 | D:5      | 4257 ||| INVOKING Heroism.
  4300 | D:5      | 4300 ||| INVOKING Heroism.
  4310 | D:5      | Killed from afar by an acid dragon

Levels and vault maps discovered:
D:1:      dpeg_arrival_tiny_d, layout_basic
D:2:      layout_loops_ring, uniq_jessica
D:3:      layout_loops_ring
D:4:      layout_loops_ring, mainiacjoe_overflow_two_lobes, slow_altar_1,
          minmay_temple_entry_proselytizer, nicolae_titane
D:5:      layout_rooms, portal_sewer_entry_b, serial_shops,
          nicolae_shop_temple_entry_statues_fountains, corexii_corridor_pit
Temple:   nicolae_temple_bog_church

Skill      XL: |  1  2  3  4  5  6  7 |
---------------+----------------------+-----
Axes           | 3 4 5 6 |  6.1
Shields        | 1 3 4 |  4.4
Armour         | 3 |  3.0
Fighting       | |  2.0
Throwing       | |  1.0
Dodging        | |  2.1
Spellcasting   | |  2.0
Translocations | |  2.4

Action                   |  1- 3 |  4- 6 |  7- 9 || total
-------------------------+-------+-------+-------++-------
Melee: Hand axe          |    83 |   120 |     6 ||   209
       Kick              |    16 |    27 |     1 ||    44
       Peck              |    10 |    16 |     1 ||    27
Throw: Boomerang         |     7 |       |       ||     7
Invok: Heroism           |       |       |     1 ||     1
  Use: Scroll            |     3 |     7 |       ||    10
       Potion            |     1 |     1 |       ||     2
Armor: Leather armour    |    11 |       |       ||    11
       Scale mail        |    20 |     9 |       ||    29
       Chain mail        |       |    14 |     6 ||    20
Dodge: Dodged            |    39 |    22 |     4 ||    65
Block: Other             |     6 |    10 |       ||    16
       Kite shield       |       |    37 |    15 ||    52
       Reflection        |       |     4 |     4 ||     8

Table legend:
 A = Non-vault XP
 B = Vault XP
 C = Vault XP percentage of total XP
 D = Non-vault monster count
 E = Vault monster count
 F = Vault count percentage of total count
                 A         B        C        D         E       F
            +---------+---------+-------+---------+---------+-------
      Total |     714 |      83 |  10.4 |      85 |       3 |   3.4
            +---------+---------+-------+---------+---------+-------
        D:1 |      62 |       0 |   0.0 |      29 |       0 |   0.0
        D:2 |      45 |      37 |  45.1 |      19 |       1 |   5.0
        D:3 |      82 |       0 |   0.0 |      18 |       0 |   0.0
        D:4 |     150 |      46 |  23.5 |      15 |       2 |  11.8
        D:5 |     375 |       0 |   0.0 |       4 |       0 |   0.0
            +---------+---------+-------+---------+---------+-------
